 Dungeon Sprint DCSS version 0.30.1-6-gbe392663c4 (webtiles) character file.

Game seed: 4538112578232741686

17695 Heoruswealwe the Phalangite (level 12, -1/130 HPs)
             Began as a Minotaur Fighter on Sept 20, 2023.
             Was the Champion of the Shining One.
             Slain by an orc high priest
             ... wielding a +2 trident of venom
              (5 damage)
             ... in the Dungeon (Sprint IX: "|||||||||||||||||||||||||||||").
             The game lasted 00:19:42 (2013 turns).

Heoruswealwe the Phalangite (Minotaur Fighter)      Turns: 2013, Time: 00:19:43

Health: -1/130     AC: 22    Str: 30    XL:     12   Next: 21%
Magic:  11/11      EV:  9    Int:  5    God:    the Shining One [******]
Gold:   1274       SH:  0    Dex: 12    Spells: 11/11 levels left

rFire   . . .        b - +0 glaive
rCold   . . .        (shield currently unavailable)
rNeg    + + +        c - +0 plate armour
rPois   .            g - +0 hat
rElec   .            h - +0 cloak
rCorr   .            f - +0 pair of gloves
SInv    .            (no boots)
Will    .....        (no amulet) Stlth
                     k - +3 ring of strength
HPRegen 0.41/turn    j - +3 ring of strength
MPRegen 0.12/turn

%: no teleportation
@: lethally poisoned (-1 -> -12), on berserk cooldown, slowed, glowing, very
slow
A: horns 2, retaliatory headbutt
a: Renounce Religion, Divine Shield, Cleansing Flame, Summon Divine Warrior,
Brand Weapon With Holy Wrath


You were in the Dungeon.
You worshipped the Shining One.
The Shining One was exalted by your worship.
You visited 1 branch You collected 1274 gold pieces.

Inventory:

Hand Weapons
 a - a +0 trident
 b - a +0 glaive (weapon)
Armour
 c - a +0 plate armour (worn)
 d - a +0 buckler
 f - a +0 pair of gloves (worn)
 g - a +0 hat (worn)
 h - a +0 cloak (worn)
Jewellery
 j - a +3 ring of strength (right hand)
 k - a +3 ring of strength (left hand)
Wands
 l - a wand of roots (10)
Scrolls
 m - 2 scrolls of enchant armour
 n - a scroll of blinking
 q - 2 scrolls of identify
Potions
 i - a potion of berserk rage
 p - a potion of flight


   Skills:
 + Level 19.0 Fighting
 * Level 25.5 Polearms
 + Level 19.1 Armour
 - Level 3.6 Shields


You had 11 spell levels left.
You didn't know any spells.
Your spell library contained the following spells:

 Spells                   Type           Power      Damage    Failure   Level
 Ozocubu's Armour         Ice            0%         N/A       100%        3
 Ozocubu's Refrigeration  Ice            0%         4d7       100%        7


Dungeon Overview and Level Annotations

Branches:
Dungeon (1/1)

Altars:
Cheibriados
Dithmenos
Elyvilon
Fedhas
Gozag
Hepliaklqana
Kikubaaqudgha
Makhleb
Nemelex Xobeh
Okawaru
Qazlal
Ru
Sif Muna
Trog
Uskayaw
Vehumet
Wu Jian
Xom
Yredelemnul
Zin
The Shining One
Jiyva
Lugonu

Shops:
D !*=


Innate Abilities, Weirdness & Mutations

You have a pair of horns on your head.
You reflexively headbutt those who attack you in melee.


Message History

You headbutt the orc high priest!
The orc high priest is heavily wounded.
You feel sick.
The orc high priest no longer looks unusually strong.
You hit the orc high priest. You headbutt the orc high priest!!
You kill the orc high priest!
The Shining One accepts your kill.
You feel sick.
The orc high priest prays to Beogh.
The orc knight roars a battlecry!
The orc high priest goes into a battle-frenzy!
Your Fighting skill increases to level 19!
Your Armour skill increases to level 19!
You slash the smoke demon! You headbutt the smoke demon!
The smoke demon is severely wounded.
You feel sick.
You hit the smoke demon but do no damage.
The smoke demon is severely wounded.
You are no longer berserk.
You are exhausted.
You feel yourself slow down.
You feel sick.
The orc high priest utters an invocation to Beogh.
The orc high priest hits you but does no damage.
You are more poisoned.
The smoke demon hits you but does no damage.
The smoke demon hits you.
* * * LOW HITPOINT WARNING * * *
The smoke demon hits you but does no damage.
You slash the smoke demon! You headbutt the smoke demon.
You kill the smoke demon!
The smoke demon disappears in a puff of smoke!
* * * LOW HITPOINT WARNING * * *
You feel sick.
The orc high priest hits you from afar with a +2 trident of venom.
* * * LOW HITPOINT WARNING * * *
You are more poisoned.
Okay, then.
Found Kyoh Fae's Jewellery Emporium.
The Shining One protects you from harm!
The orc high priest hits you with a +2 trident of venom.
You die...

▓.▓.▓.▓.▓_▓
▓.▓.▓.▓.▓_▓
▓.▓.▓.▓.▓_▓
▓.▓.▓.▓.▓_▓
▓.▓.▓.▓.▓_▓
▓)▓.▓.▓.▓_▓
▓$▓.▓÷▓.▓'▓
▓$▓.▓.▓.▓!▓
▓@▓.▓.▓.▓?▓
▓o▓.▓.▓.▓)▓
▓o▓.▓.▓.▓[▓
▓3▓.▓.▓.▓.▓
▓o▓.▓.▓.▓[▓
▓o▓.▓.▓.▓.▓
▓o▓.▓.▓.▓.▓
▓3▓.▓.▓.▓.▓
▓.▓.▓.▓)▓


You could see 2 orc knights, a soul eater (summoned), 3 orc high priests and a
sixfirhy (summoned).

Vanquished Creatures
  Gastronok (D)
  A centaur warrior (D)
  3 catoblepae (D)
  A boulder beetle (D)
  A two-headed ogre (D)
  3 death yaks (D)
  Urug (D)
  2 orc high priests (D)
  A lindwurm (D)
  An orc sorcerer (D)
  A deep elf pyromancer (D)
  6 orc knights (D)
  2 elephants (D)
  3 cane toads (D)
  3 komodo dragons (D)
  A polar bear (D)
  A blink frog (D)
  A wraith (D)
  A slime creature (D)
  A vampire (D)
  A shadow (D)
  3 yaks (D)
  Grum (D)
  4 water moccasins (D)
  7 orc warriors (D)
  An ogre (D)
  3 wolves (D)
  A centaur (D)
  2 bullfrogs (D)
  A gnoll sergeant (D)
  A howler monkey (D)
  2 orc priests (D)
  A hound (D)
  7 orc wizards (D)
  A hell rat (D)
  An ufetubus (D)
  5 orcs (D)
  A ball python (D)
  A hobgoblin (D)
  A bat (D)
  A kobold (D)
  A rat (D)
82 creatures vanquished.

Notes
Turn   | Place    | Note
-------+----------+-------------------------------------------
     0 | D        | Heoruswealwe the Minotaur Fighter began the quest for the
                  | Orb.
     0 | D        | Reached XP level 1. HP: 19/19 MP: 0/0
    10 | D        | Reached skill level 3 in Polearms
    12 | D        | Banished a spatial maelstrom
    22 | D        | Noticed a hound
    22 | D        | Noticed a howler monkey
    22 | D        | Noticed an ogre
    22 | D        | Noticed an orc wizard
    25 | D        | Killed a hound
    26 | D        | Reached skill level 5 in Fighting
    26 | D        | Reached skill level 5 in Polearms
    26 | D        | Reached skill level 5 in Armour
    26 | D        | Reached XP level 2. HP: 29/29 MP: 1/1
    26 | D        | Reached XP level 3. HP: 36/36 MP: 2/2
    30 | D        | Reached skill level 7 in Polearms
    30 | D        | Reached XP level 4. HP: 44/44 MP: 3/3
    32 | D        | Killed an ogre
    33 | D        | Reached skill level 9 in Polearms
    33 | D        | Reached XP level 5. HP: 52/52 MP: 4/4
    55 | D        | Found a snail-covered altar of Cheibriados.
    55 | D        | Found a shadowy altar of Dithmenos.
    55 | D        | Found a white marble altar of Elyvilon.
    55 | D        | Found a blossoming altar of Fedhas.
    55 | D        | Found an opulent altar of Gozag.
    56 | D        | Found a hazy altar of Hepliaklqana.
    57 | D        | Found a viscous altar of Jiyva.
    58 | D        | Found an ancient bone altar of Kikubaaqudgha.
    59 | D        | Found a corrupted altar of Lugonu.
    60 | D        | Found a burning altar of Makhleb.
    61 | D        | Found a sparkling altar of Nemelex Xobeh.
    62 | D        | Found an iron altar of Okawaru.
    63 | D        | Found a stormy altar of Qazlal.
    64 | D        | Found a sacrificial altar of Ru.
    65 | D        | Found a shimmering blue altar of Sif Muna.
    66 | D        | Found a bloodstained altar of Trog.
    67 | D        | Found a hide-covered altar of Uskayaw.
    68 | D        | Found a radiant altar of Vehumet.
    69 | D        | Found an ornate altar of the Wu Jian Council.
    70 | D        | Found a shimmering altar of Xom.
    71 | D        | Found a basalt altar of Yredelemnul.
    72 | D        | Found a glowing silver altar of Zin.
    73 | D        | Found a glowing golden altar of the Shining One.
    81 | D        | Became a worshipper of the Shining One
   137 | D        | Noticed a two-headed ogre
   137 | D        | Noticed a shadow
   137 | D        | Reached * piety under the Shining One
   137 | D        | Noticed a centaur
   137 | D        | Noticed a vampire
   137 | D        | Reached ** piety under the Shining One
   145 | D        | Killed a two-headed ogre
   146 | D        | Reached skill level 10 in Fighting
   146 | D        | Reached skill level 14 in Polearms
   146 | D        | Reached skill level 10 in Armour
   146 | D        | Reached XP level 6. HP: 67/67 MP: 5/5
   146 | D        | Reached XP level 7. HP: 73/73 MP: 6/6
   147 | D        | Killed a shadow
   154 | D        | Reached XP level 8. HP: 64/82 MP: 7/7
   157 | D        | Reached skill level 15 in Polearms
   165 | D        | Noticed a deep elf pyromancer
   165 | D        | Noticed a boulder beetle
   165 | D        | Reached *** piety under the Shining One
   165 | D        | Noticed a catoblepas
   165 | D        | Noticed a centaur warrior
   165 | D        | Noticed a slime creature
   169 | D        | Killed a deep elf pyromancer
   170 | D        | Reached skill level 16 in Polearms
   178 | D        | Killed a boulder beetle
   179 | D        | Reached skill level 17 in Polearms
   179 | D        | Reached XP level 9. HP: 74/92 MP: 8/8
   186 | D        | Killed a catoblepas
   187 | D        | Reached skill level 18 in Polearms
   189 | D        | Killed a centaur warrior
   192 | D        | Reached **** piety under the Shining One
   193 | D        | Reached skill level 19 in Polearms
   211 | D        | Noticed Urug
   223 | D        | Killed Urug
   224 | D        | Reached XP level 10. HP: 19/104 MP: 9/9
   479 | D        | Noticed a cane toad
   479 | D        | Noticed a cane toad
   479 | D        | Reached ***** piety under the Shining One
   483 | D        | Killed a cane toad
   490 | D        | Reached skill level 20 in Polearms
   490 | D        | Reached skill level 15 in Armour
   494 | D        | Reached skill level 15 in Fighting
   497 | D        | Killed a cane toad
   510 | D        | HP: 4/106 [blink frog (11)]
   805 | D        | Noticed an elephant
   805 | D        | Noticed a cane toad
   805 | D        | Noticed a lindwurm
   812 | D        | Killed an elephant
   813 | D        | Reached skill level 21 in Polearms
   815 | D        | Noticed an elephant
   816 | D        | Killed a cane toad
   825 | D        | Killed a lindwurm
   833 | D        | Killed an elephant
   834 | D        | Reached XP level 11. HP: 115/115 MP: 10/10
   837 | D        | Reached skill level 22 in Polearms
   847 | D        | Noticed a catoblepas
   847 | D        | Reached ****** piety under the Shining One
   847 | D        | Noticed a death yak
   847 | D        | Noticed a catoblepas
   850 | D        | Noticed a death yak
   852 | D        | Killed a catoblepas
   855 | D        | Noticed a death yak
   876 | D        | Killed a death yak
   885 | D        | Killed a catoblepas
  1166 | D        | Killed a death yak
  1167 | D        | Reached skill level 23 in Polearms
  1173 | D        | Killed a death yak
  1274 | D        | Noticed Grum
  1281 | D        | Killed Grum
  1299 | D        | Noticed Gastronok
  1314 | D        | Killed Gastronok
  1389 | D        | Reached skill level 24 in Polearms
  1392 | D        | Noticed an orc sorcerer
  1399 | D        | Noticed a sixfirhy
  1418 | D        | Killed an orc sorcerer
  1671 | D        | Noticed an orc knight
  1671 | D        | Noticed an orc knight
  1673 | D        | Noticed an orc knight
  1680 | D        | Noticed an orc knight
  1685 | D        | Killed an orc knight
  1693 | D        | Killed an orc knight
  1696 | D        | Killed an orc knight
  1703 | D        | Killed an orc knight
  1707 | D        | Reached XP level 12. HP: 39/128 MP: 11/11
  1711 | D        | Noticed an orc high priest
  1734 | D        | Killed an orc high priest
  1735 | D        | Reached skill level 25 in Polearms
  1987 | D        | Found Gesompam's Distillery.
  1987 | D        | Noticed an orc high priest
  1987 | D        | Noticed an orc high priest
  1987 | D        | Noticed an orc high priest
  2003 | D        | Found Bituotoh's General Store.
  2003 | D        | Noticed an orc high priest
  2009 | D        | Killed an orc high priest
  2012 | D        | HP: 3/130 [orc high priest/+2 trident of venom (4)]
  2013 | D        | Found Kyoh Fae's Jewellery Emporium.
  2013 | D        | The Shining One protects you from harm!
  2013 | D        | Slain by an orc high priest

Illustrated notes

Levels and vault maps discovered:
D:        linesprint [early_d, line_temple, items_1, d_10, items_2, lair_1,
          lair_end, items_3, orc_1, orc_end, items_4, d_15, swamp_1, shoals_1,
          snake_1, spider_1, d_20, vaults_1, items_5, swamp_end, shoals_end,
          snake_end, spider_end, vaults_end, d_27, items_6, zot_1, zot_end,
          crypt_end, forest_end, elf_end, slime_end, tomb_end, abyss_end,
          pan_hell_end]

Skill      XL: |  1  2  3  4  5  6  7  8  9 10 11 12 |
---------------+-------------------------------------+-----
Polearms       | 5 7 9 14 17 19 21 24 25 | 25.5
Fighting       | 5 7 10 11 12 14 16 18 19 | 19.0
Armour         | 5 6 7 10 11 13 14 16 18 19 | 19.1
Shields        | |  3.6

Action                     |  1- 3 |  4- 6 |  7- 9 | 10-12 || total
---------------------------+-------+-------+-------+-------++-------
  Melee: Trident           |    18 |     5 |       |       ||    23
         Headbutt          |     2 |     2 |    13 |    58 ||    75
         Halberd           |       |     5 |    42 |   211 ||   258
         Glaive            |       |       |       |    21 ||    21
    Use: Potion            |       |     3 |     2 |     9 ||    14
         Scroll            |       |       |     1 |     1 ||     2
 Armour: Scale mail        |     9 |     1 |       |       ||    10
         Plate armour      |       |     4 |    12 |    74 ||    90
  Dodge: Dodged            |     9 |     4 |     6 |    47 ||    66
  Block: Buckler           |     4 |       |       |       ||     4
